 Dungeon Crawl Stone Soup version 0.22-a0-596-gfbd32a6 (webtiles) character file.

4 Amnesiac the Magician (level 1, 0/10 HPs)
             Began as a Deep Elf Wizard on July 5, 2018.
             Succumbed to an adder's poison
             ... on level 2 of the Dungeon.
             The game lasted 00:01:10 (383 turns).

Amnesiac the Magician (Deep Elf Wizard)              Turns: 383, Time: 00:01:10

Health: 0/10       AC:  2    Str:  9    XL:     1   Next: 58%
Magic:  8/8        EV: 13    Int: 22    God:
Gold:   38         SH:  0    Dex: 13    Spells: 8/9 levels left

rFire    . . .     SeeInvis .   (no weapon)
rCold    . . .     Gourm    .   (no shield)
rNeg     . . .     Faith    .   a - +0 robe
rPois    .         Spirit   .   b - +0 hat
rElec    .         Reflect  .   (no cloak)
rCorr    .         Harm     .   (no gloves)
MR       .....                  (no boots)
Stlth    ++........             (no amulet)
HPRegen  0.03/turn              (no ring)
MPRegen  0.11/turn              (no ring)

@: mighty, lethally poisoned (0 -> -11)
A: no striking features
a: no special abilities


You were on level 2 of the Dungeon.
You were not hungry.

You visited 1 branch of the dungeon, and saw 3 of its levels.

You collected 38 gold pieces.

Inventory:

Armour
 a - a +0 robe (worn)
 b - a +0 hat (worn)
Scrolls
 c - a scroll of remove curse {!r, unknown}
 g - a scroll of enchant weapon {!r, unknown}
 h - 3 scrolls of amnesia {!r, unknown}
Comestibles
 d - 2 rations
 f - a chunk of flesh


   Skills:
 - Level 2.4 Dodging
 - Level 2.4 Stealth
 - Level 4.5 Spellcasting
 + Level 1.7 Conjurations
   Level 1.1 Summonings
   Level 1.1 Translocations


You had 8 spell levels left.
You knew the following spells:

 Your Spells              Type           Power        Failure   Level  Hunger
a - Magic Dart            Conj           ##..         5%          1    None

Your spell library contained the following spells:

 Spells                   Type           Power        Failure   Level  Hunger
 Conjure Flame            Conj/Fire      #.......     22%         3    ##.....
 Slow                     Hex            #.......     16%         2    #......
 Mephitic Cloud           Conj/Pois/Air  #.......     26%         3    ##.....
 Blink                    Tloc           N/A          11%         2    #......
 Call Imp                 Summ           #.......     11%         2    #......


Dungeon Overview and Level Annotations

Branches:
Dungeon (3/15)

Altars:

Annotations:
D:3 Jessica


Message History

A bat is nearby!
Casting: Magic Dart (safe; 5% risk of failure)
Confirm with . or Enter, or press ? or * to list all spells.
Aiming: Magic Dart (safe; 5% risk of failure)
Press: ? - help, Shift-Dir - straight line, f - bat
Aim: a bat (resting)
The magic dart hits the bat.
The bat is severely wounded.
Casting: Magic Dart (safe; 5% risk of failure)
Confirm with . or Enter, or press ? or * to list all spells.
Aiming: Magic Dart (safe; 5% risk of failure)
Press: ? - help, Shift-Dir - straight line, f/p - bat
Aim: a bat (severely wounded)
The magic dart hits the bat.
You kill the bat!
Casting: Magic Dart (safe; 5% risk of failure)
Confirm with . or Enter, or press ? or * to list all spells.
You can't see any susceptible monsters within range! (Use Z to cast anyway.)
Casting: Magic Dart (safe; 5% risk of failure)
Confirm with . or Enter, or press ? or * to list all spells.
You can't see any susceptible monsters within range! (Use Z to cast anyway.)
A bat, 2 adders and a hobgoblin come into view.
The hobgoblin shouts!
The bat barely misses you. The adder misses you.
Found three items.
There are monsters nearby!
The bat hits you. The bat barely misses you.
A kobold comes into view. It is wielding a whip.
The bat barely misses you. The bat hits you. The bat barely misses you.
The bat barely misses you. The bat hits you. x2
The bat hits you but does no damage. The bat barely misses you.
The bat hits you but does no damage. The bat closely misses you.
The bat hits you but does no damage. The bat barely misses you.
The bat hits you but does no damage. The bat misses you. x2
The bat barely misses you. The bat hits you but does no damage.
The bat hits you. The bat closely misses you. The bat hits you.
* * * LOW HITPOINT WARNING * * *
The bat barely misses you. The bat closely misses you.
The bat hits you but does no damage. The adder bites you.
* * * LOW HITPOINT WARNING * * *
You are lethally poisoned!
The adder poisons you!
* * * LOW HITPOINT WARNING * * *
You feel sick. The bat barely misses you. The bat closely misses you.
* * * LOW HITPOINT WARNING * * *
You feel sick. The bat hits you.
* * * LOW HITPOINT WARNING * * *
The bat barely misses you.
Really quaff
e - a sapphire potion {!q}?
It was a potion of might {!q}.
You feel very mighty all of a sudden. The adder closely misses you.
You hit the adder.
The adder is moderately wounded.
You die...

.#.# ##.#...#
.#
......#.####.#
## ..
.............#
...#?#
#..#.####.###.#
...##.# #.
#........#(#
.....#.# #
#######..#.#
...†##. #..#.#
.....# #..#.#
#..# #..#@# #..
##.#S# ##.
#..b# ##..
#..K#######
##..#
#...g.....#
##...#
#.#>......#
##..##.
#.#...K...#
#K..# #
#)#....g..#
##S##.#
#.#.......#
#..# #..


You could see an adder, a hobgoblin, a bat and a kobold.

Vanquished Creatures
  3 bats
  A kobold (D:1)
4 creatures vanquished.

Notes
Turn   | Place    | Note
-------+----------+-------------------------------------------
     0 | D:1      | Amnesiac the Deep Elf Wizard began the quest for the Orb.
     0 | D:1      | Reached XP level 1. HP: 10/10 MP: 7/7
   333 | D:3      | Noticed Jessica
   383 | D:2      | Succumbed to an adder's poison

Vault maps used:
D:1:      dpeg_arrival_windows_large_door
D:2:      amethyst_overflow_temple_binary, minmay_vboxes, uniq_natasha
D:3:      chequers_temple_overflow_minitemple, uniq_jessica,
          uniq_crazy_yiuf_cottage, uniq_ijyb

Action                   || total
-------------------------++-------
Melee: Unarmed           ||     6
 Cast: Magic Dart        ||    15
  Use: Potion            ||     1
Armor: Robe              ||     6
Dodge: Dodged            ||    25

Table legend:
 A = Spawn XP
 B = Non-spawn XP
 C = Spawn XP percentage of total XP
 D = Spawn monster count
 E = Non-spawn monster count
 F = Spawn count percentage of total count
 G = Total turns spent on level
                    A         B        C        D         E        F      G
               +---------+---------+-------+---------+---------+-------+---------
         Total |       0 |       7 |   0.0 |       0 |       4 |   0.0 |   383
               +---------+---------+-------+---------+---------+-------+---------
           D:1 |       0 |       4 |   0.0 |       0 |       2 |   0.0 |   248
           D:2 |       0 |       3 |   0.0 |       0 |       2 |   0.0 |   125
               +---------+---------+-------+---------+---------+-------+---------
